 Dungeon Crawl Stone Soup version 0.20.1-1-g8b1a95d (webtiles) character file.

133 equalderp2856 the Skirmisher (level 4, 0/37 HPs)
             Began as a Mummy Fighter on Oct 28, 2017.
             Slain by an iron imp (6 damage)
             ... summoned by Natasha
             ... on level 3 of the Dungeon.
             The game lasted 00:02:22 (1697 turns).

equalderp2856 the Skirmisher (Mummy Fighter)        Turns: 1697, Time: 00:02:23

Health: 0/37       AC:  6    Str: 19    XL:     4   Next: 93%
Magic:  5/5        EV:  7    Int:  8    God:
Gold:   102        SH:  9    Dex: 11    Spells: 5/5 levels left

rFire    x . .     SeeInvis .   a - +0 war axe
rCold    + . .     Gourm    .   c - +0 shield
rNeg     + + +     Faith    .   b - +0 scale mail
rPois    ∞         Spirit   .   (no helmet)
rElec    .         Reflect  .   (no cloak)
rCorr    .         Harm     .   (no gloves)
MR       .....                  (no boots)
Stlth    ..........             h - amulet of magic regeneration
Regen    0.2/turn               (no ring)
MPRegen  0.2/turn               (no ring)

@: no status effects
A: no food or potions, fire vulnerability, cold resistance 1, negative energy
resistance 3, torment resistance, unbreathing
a: no special abilities


You were on level 3 of the Dungeon.
You were not hungry.

You visited 1 branch of the dungeon, and saw 3 of its levels.

You collected 102 gold pieces.

Inventory:

Hand Weapons
 a - a +0 war axe (weapon)
Armour
 b - a +0 scale mail (worn)
 c - a +0 shield (worn)
Jewellery
 h - an amulet of magic regeneration (around neck)
Scrolls
 d - 3 scrolls of teleportation {unknown}
 e - 4 scrolls of identify {unknown}
 f - a scroll of recharging {unknown}
 g - a scroll of enchant armour {unknown}
 i - 2 scrolls of fog {unknown}
 j - 4 scrolls of magic mapping {unknown}
 k - 3 scrolls of remove curse {unknown}


   Skills:
 + Level 3.7 Fighting
 * Level 2.6 Axes
 + Level 2.9 Armour
 + Level 0.1 Dodging
 + Level 0.3 Stealth
 + Level 2.9 Shields
 * Level 1.2 Spellcasting


You had 5 spell levels left.
You didn't know any spells.

Dungeon Overview and Level Annotations

Branches:
Dungeon (3/15)

Altars:

Annotations:
D:3 Natasha


Innate Abilities, Weirdness & Mutations

You do not eat or drink.
Your flesh is vulnerable to fire.
You are immune to poison.
Your flesh is cold resistant. (rC+)
You are immune to negative energy. (rN+++)
You are immune to unholy pain and torment.
You can survive without breathing.


Message History

Natasha mumbles some strange words.
You barely miss Natasha.
Natasha is severely wounded.
You barely miss the iron imp.
Natasha stares at you and mumbles some strange words.
The magic dart hits you! You block the iron imp's attack. Natasha claws you.
You barely miss Natasha.
Natasha is severely wounded.
You hit the iron imp but do no damage. The iron imp hits you.
* * * LOW HITPOINT WARNING * * *
The crimson imp grins evilly.
Natasha mewls in sadness.
Natasha claws you.
* * * LOW HITPOINT WARNING * * *
You closely miss Natasha.
Natasha is severely wounded.
You barely miss the iron imp.
The crimson imp blinks!
The iron imp puffs mist at you. The iron imp hits you.
You die...

..######........
........<......... .....
..###............##.....
..#....................
......................
....................#####
.........###...§5........
.........# ..##h5.......
.........#....##@........
.........#.... #....##..
.......###....##....#
...............##...#
...............##..!##...
...............##).......
.........................
........######...........
.#......# #...........


You could see an iron imp, Natasha and a crimson imp.

Vanquished Creatures
  Natasha (D:3)
  5 adders (D:2)
  An ooze (D:2)
  A worm (D:2)
  2 dart slugs
  4 orcs (D:3)
  4 bats
  4 giant cockroaches
  10 goblins
  5 hobgoblins
  2 frilled lizards (D:2)
  6 kobolds
  3 rats
48 creatures vanquished.

Vanquished Creatures (others)
  A hobgoblin (D:3)
1 creature vanquished.

Grand Total: 49 creatures vanquished

Notes
Turn   | Place    | Note
-------+----------+-------------------------------------------
     0 | D:1      | equalderp2856 the Mummy Fighter began the quest for the Orb.
     0 | D:1      | Reached XP level 1. HP: 18/18 MP: 1/1
   210 | D:1      | Reached XP level 2. HP: 24/24 MP: 2/2
   410 | D:2      | Reached XP level 3. HP: 16/29 MP: 3/3
   770 | D:2      | Reached skill level 1 in Spellcasting
   779 | D:2      | Reached XP level 4. HP: 28/35 MP: 5/5
  1614 | D:3      | Noticed Natasha
  1620 | D:3      | Killed Natasha
  1685 | D:3      | Noticed Natasha
  1697 | D:3      | Slain by an iron imp

Skill      XL: |  1  2  3 |
---------------+----------+-----
Axes           | 2 |  2.6
Spellcasting   | 1 |  1.2
Fighting       | |  3.7
Armour         | |  2.9
Dodging        | |  0.1
Stealth        | |  0.3
Shields        | |  2.9

Action                   |  1- 3 |  4- 6 || total
-------------------------+-------+-------++-------
Melee: War axe           |    76 |    72 ||   148
Armor: Scale mail        |    43 |    34 ||    77
Dodge: Dodged            |    28 |    18 ||    46
Block: Shield            |    30 |    47 ||    77
